 Dungeon Crawl Stone Soup version 0.27-a0-650-g8dd3ea4f36 (webtiles) character file.

Game seed: 3900358327937610315

31 jasper the Slasher (level 3, -3/30 HPs)
             Began as a Minotaur Warper on Mar 15, 2021.
             Slain by an orc wizard
             ... wielding a +0 dagger
              (4 damage)
             ... on level 2 of the Dungeon.
             The game lasted 00:01:11 (1261 turns).

jasper the Slasher (Minotaur Warper)                Turns: 1261, Time: 00:01:11

Health: -3/30      AC:  3    Str: 15    XL:     3   Next: 7%
Magic:  4/4        EV: 12    Int: 10    God:
Gold:   34         SH:  0    Dex: 10    Spells: 4/4 levels left

rFire    + . .     SeeInvis .   a - +0 falchion
rCold    + . .     Faith    .   (no shield)
rNeg     . . .     Spirit   .   b - +0 leather armour
rPois    +         Reflect  .   (helmet restricted)
rElec    +         Harm     .   (no cloak)
rCorr    +         Rampage  .   (no gloves)
Will     .....                  (no boots)
Stlth    ..........             (no amulet)
HPRegen  0.10/turn              (no ring)
MPRegen  0.09/turn              (no ring)

@: confused, mighty, resistant, attractive
A: horns 2, retaliatory headbutt
a: no special abilities


You were on level 2 of the Dungeon.
You visited 1 branch of the dungeon, and saw 2 of its levels.

You collected 34 gold pieces.

Inventory:

Hand Weapons
 a - a +0 falchion (weapon)
Missiles
 e - 5 boomerangs of dispersal (quivered)
Armour
 b - a +0 leather armour (worn)
Scrolls
 c - a scroll of fog {unknown}
 d - a scroll of blinking
 i - a scroll of identify {unknown}
 k - a scroll of teleportation {unknown}
Potions
 j - a potion of resistance


   Skills:
 + Level 2.9 Fighting
 * Level 3.3 Long Blades
 - Level 1.0 Throwing
 + Level 2.0 Armour
 + Level 2.6 Dodging
 - Level 1.3 Spellcasting
 - Level 2.1 Translocations


You had 4 spell levels left.
You didn't know any spells.
Your spell library contained the following spells:

 Spells                   Type           Power      Damage    Failure   Level
 Blink                    Tloc           N/A        N/A       26%         2
 Gell's Gravitas          Tloc           2%         N/A       45%         3
 Lesser Beckoning         Tloc           2%         N/A       45%         3
 Teleport Other           Tloc           5%         N/A       45%         3
 Manifold Assault         Tloc           5%         N/A       86%         4


Dungeon Overview and Level Annotations

Branches:
Dungeon (2/15)

Altars:


Innate Abilities, Weirdness & Mutations

You have a pair of horns on your head.
You reflexively headbutt those who attack you in melee.


Message History

The orc wizard casts a spell at you. You resist with significant effort.
The orc wizard hits you with a +0 dagger.
You take 4 damage, and have 19/30 hp.
The orc wizard hits you with a +0 dagger.
You take 3 damage, and have 16/30 hp.
The orc wizard hits you with a +0 dagger.
You take 1 damage, and have 15/30 hp.
The orc wizard hits you with a +0 dagger.
You take 4 damage, and have 11/30 hp.
It was a potion of cancellation.
Your magical effects are unravelling.
You feel magically purged.
You feel less confused. The orc wizard closely misses you.
You hit the orc wizard. You headbutt the orc wizard.
The orc wizard is severely wounded.
The orc wizard hits you with a +0 dagger.
* * * LOW HITPOINT WARNING * * *
You take 4 damage, and have 7/30 hp.
You barely miss the orc wizard.
The orc wizard is severely wounded.
The orc wizard casts a spell at itself.
The orc wizard flickers and vanishes!
Deactivating autopickup; reactivate with Ctrl-A.
The orc wizard casts a spell at itself.
The orc wizard flickers and vanishes!
It was a potion of might.
You feel very mighty all of a sudden.
You hear some strange, mumbled words.
You are confused.
It was a potion of attraction.
You feel attractive to monsters. Something hits you!
* * * LOW HITPOINT WARNING * * *
You take 7 damage, and have 1/30 hp.
MASSIVE DAMAGE!!
It was a potion of resistance.
You feel protected. Something hits you.
You die...

#. #.# #.# #.# #.#
#.########## #####
##.#.@{{o....
##...####....########
##.....##.....#
##.......##....#
#.........##.#.#
##..............#
#..........##.###
#.........###+##
#........###...##


You could see an orc.

Vanquished Creatures
  2 dart slugs (D:1)
  A leopard gecko (D:1)
  A ball python (D:1)
  6 goblins (D:1)
  A hobgoblin (D:1)
  2 jackals (D:2)
  3 bats (D:1)
  4 frilled lizards (D:1)
  2 kobolds (D:1)
  3 rats (D:1)
25 creatures vanquished.

Notes
Turn   | Place    | Note
-------+----------+-------------------------------------------
     0 | D:1      | jasper the Minotaur Warper began the quest for the Orb.
     0 | D:1      | Reached XP level 1. HP: 18/18 MP: 1/1
   249 | D:1      | Reached XP level 2. HP: 19/25 MP: 3/3
   477 | D:1      | Reached skill level 3 in Long Blades
  1055 | D:1      | Reached XP level 3. HP: 30/30 MP: 4/4
  1260 | D:2      | HP: 1/30 [something (7)]
  1261 | D:2      | Slain by an orc wizard

Illustrated notes

Levels and vault maps discovered:
D:1:      lemuel_arrival_muddy, layout_basic
D:2:      layout_loops_corners, overflow_temple_1_default, elyvilon_altar_4,
          chequers_ecumenical_altar_simple

Skill      XL: |  1  2  3 |
---------------+----------+-----
Long Blades    | 3 |  3.3
Armour         | 2 |  2.0
Fighting       | |  2.9
Throwing       | |  1.0
Dodging        | |  2.6
Spellcasting   | |  1.3
Translocations | |  2.1

Action                   || total
-------------------------++-------
Melee: Falchion          ||    58
       Headbutt          ||     4
  Use: Potion            ||     4
Armor: Leather armour    ||    10
Dodge: Dodged            ||    33
       Rpst.: Falchion   ||     7

Table legend: (Time is in decaauts)
 A = Elapsed time spent in this place.
 B = Non-inter-level travel time spent in this place.
 C = Inter-level travel time spent in this place.
 D = Time resting spent in this place.
 E = Time spent auto-exploring this place.
 F = Levels seen in this place.
 G = Mean time per level.
                   A        B        C        D        E       F      G
               +--------+--------+--------+--------+--------+-----+--------+
         Total |   1269 |   1256 |     13 |    190 |    913 |   2 |  634.5 |
       Dungeon |   1269 |   1256 |     13 |    190 |    913 |   2 |  634.5 |
               +--------+--------+--------+--------+--------+-----+--------+

Top non-repeatable levels by time:
     D:1: 1217 daAuts
     D:2: 51 daAuts
